 Dungeon Crawl Stone Soup version 0.17-a0-1596-g1e86911 (webtiles) character file.

146 urechis the Ruffian (level 5, 0/53 HPs)
             Began as a Troll Monk on July 30, 2015.
             Slain by a gnoll
             ... wielding a +0 halberd
              (5 damage)
             ... on level 3 of the Dungeon.
             The game lasted 00:03:26 (1912 turns).

urechis the Ruffian (Troll Monk)                    Turns: 1912, Time: 00:03:27

Health: 0/53       AC:  6    Str: 19    XL:     5   Next: 7%
Magic:  0/4        EV: 10    Int:  6    God:
Gold:   69         SH:  0    Dex: 13    Spells: 0 memorised, 4 levels left

rFire  . . .     SeeInvis .       - Unarmed
rCold  . . .     Clarity  .     s - +0 robe
rNeg   . . .     SustAt   .     (no shield)
rPois  .         Gourm    +     (helmet restricted)
rElec  .         Spirit   +     r - +0 cloak
rCorr  .         Warding  .     (gloves unavailable)
rMut   .         Stasis   .     (boots unavailable)
MR     .....                    i - amulet of guardian spirit
Stlth  +.........               (no ring)
                                (no ring)

@: not resistant to hostile enchantments, very unstealthy
A: unfitting armour, claws 3, fast metabolism 3, gourmand, regeneration 2,
shaggy fur 1, tough skin 2
a: no special abilities


You were on level 3 of the Dungeon.
You were very full.

You visited 1 branch of the dungeon, and saw 3 of its levels.

You collected 69 gold pieces.

Inventory:

Hand weapons
 a - a +0 blowgun
Missiles
 t - 31 poisoned needles
Armour
 r - a +0 cloak (worn)
 s - a +0 robe (worn)
Jewellery
 i - an amulet of guardian spirit (around neck)
Scrolls
 c - 2 scrolls of remove curse
 d - a scroll of identify
 g - 3 scrolls of teleportation
 h - a scroll of immolation
 p - a scroll of enchant armour {unknown}
Potions
 e - a potion of resistance {unknown}
 f - a potion of invisibility {unknown}
 j - a potion of might {unknown}
 m - 2 potions of lignification {unknown}
 o - a potion of curing {unknown}
 q - a potion of haste {unknown}
Comestibles
 b - 7 bread rations
 k - 3 slices of pizza
 l - a meat ration
 n - 4 fruits
 u - 2 chunks of flesh


   Skills:
 + Level 3.3 Fighting
 - Level 2.4 Dodging
 - Level 1.1 Stealth
 * Level 5.7 Unarmed Combat


You had 4 spell levels left.
You didn't know any spells.

Dungeon Overview and Level Annotations

Branches:
Dungeon (3/15)

Altars:


Innate Abilities, Weirdness & Mutations

You are too large for most types of armour.
You have claws for hands.
Your metabolism is lightning-fast.
You like to eat raw meat.
You heal very quickly.
You are covered in fur (AC +1).
You have very tough skin (AC +2).


Message History

The gnoll hits you with a halberd!
* * * LOW HITPOINT WARNING * * *
You are too injured to fight recklessly!
You are too injured to fight recklessly!
You are too injured to fight recklessly!
You are too injured to fight recklessly!
You are too injured to fight recklessly!
You are too injured to fight recklessly!
You are too injured to fight recklessly!
You are too injured to fight recklessly!
You are too injured to fight recklessly!
You are too injured to fight recklessly!
You are too injured to fight recklessly!
You are too injured to fight recklessly!
You are too injured to fight recklessly!
You are too injured to fight recklessly!
The orc hits you with a hand axe.
* * * LOW HITPOINT WARNING * * *
The gnoll hits you from afar with a halberd.
You die...

..# ##.##
#.#.##.# ..#
#.# #......#
..# .#
##...### ###
##.....## #
#.......# #
##.....## #
##....# ##
...####)...#
.+
...'o.go@..###
##
...####og....#
# #g.#.#.# #
#.##.#.# #
#.##.# # #.#
.# #.# #.# #..


You could see an orc priest, 2 gnolls, 2 orcs and a hobgoblin.

Vanquished Creatures
  Natasha (twice) (D:3)
  An adder (D:3)
  4 gnolls (D:2)
  A worm (D:2)
  3 giant geckos
  An orc (D:3)
  3 ball pythons
  8 bats
  A giant cockroach (D:1)
  10 goblins
  6 hobgoblins
  A quokka (D:2)
  4 giant newts
  10 kobolds
  3 rats
58 creatures vanquished.

Notes
Turn   | Place    | Note
--------------------------------------------------------------
     0 | D:1      | urechis the Troll Monk began the quest for the Orb.
     0 | D:1      | Reached XP level 1. HP: 22/22 MP: 0/0
   244 | D:1      | Reached XP level 2. HP: 29/29 MP: 1/1
   948 | D:2      | Reached XP level 3. HP: 34/36 MP: 2/2
  1462 | D:2      | Reached skill level 5 in Unarmed Combat
  1462 | D:2      | Reached XP level 4. HP: 25/45 MP: 3/3
  1695 | D:3      | Noticed Natasha
  1700 | D:3      | Killed Natasha
  1876 | D:3      | Noticed Natasha
  1879 | D:3      | Killed Natasha
  1879 | D:3      | Reached XP level 5. HP: 50/53 MP: 4/4
  1912 | D:3      | Slain by a gnoll

Vault maps used:
D:1:      saegor_arrival_simple_f
D:2:      first_bread, kennysheep_generic_room_8
D:3:      lemuel_crystal_altar, uniq_natasha, uniq_sigmund

Action                   |  1- 3 |  4- 6 || total
-------------------------+-------+-------++-------
Melee: Unarmed           |   104 |    43 ||   147
  Use: Scroll            |     5 |       ||     5
 Stab: Sleeping          |     5 |       ||     5
  Eat: Chunk             |    15 |     7 ||    22
